 Dungeon Crawl Stone Soup version 0.23.0-2-g0fe3ce5 (webtiles) character file.

Game seed: 13942879202777984627

725 MalarOregon the Ducker (level 7, 0/54 HPs)
             Began as a Merfolk Summoner on Feb 19, 2019.
             Killed by nerve-wracking pain
             ... invoked by Menkaure
              (11 damage)
             ... on level 6 of the Dungeon.
             The game lasted 00:16:35 (6063 turns).

MalarOregon the Ducker (Merfolk Summoner)           Turns: 6063, Time: 00:16:36

Health: 0/54       AC:  4    Str:  9      XL:     7   Next: 71%
Magic:  1/13       EV: 14    Int: 14 (16) God:
Gold:   159        SH:  0    Dex: 11 (14) Spells: 11/14 levels left

rFire    . . .     SeeInvis .   k - +0 spear
rCold    . . .     Gourm    .   (no shield)
rNeg     . . .     Faith    .   a - +0 robe
rPois    .         Spirit   .   (no helmet)
rElec    .         Reflect  .   (no cloak)
rCorr    .         Harm     .   p - +1 pair of gloves
MR       .....                  (no boots)
Stlth    ++........             (no amulet)
HPRegen  0.18/turn              (no ring)
MPRegen  0.13/turn              (no ring)

@: invisible
A: change form in water, swift swim, stealthy swim
a: no special abilities


You were on level 6 of the Dungeon.
You were not hungry.

You visited 1 branch of the dungeon, and saw 6 of its levels.

You collected 159 gold pieces.

Inventory:

Hand Weapons
 k - a +0 spear (weapon)
   (You found it on level 2 of the Dungeon)
 r - the +2 falchion of Doom {elec, +Fly rN++ Int-5 Dex+3, unknown}
   (You found it on level 4 of the Dungeon)

   Occasionally, upon striking a foe, it will discharge some electrical energy
   and cause terrible harm.
   It affects your intelligence (-5).
   It affects your dexterity (+3).
   It greatly protects you from negative energy.
   It lets you fly.
Armour
 a - a +0 robe (worn)
 h - a +0 pair of gloves
   (You found it on level 1 of the Dungeon)
 p - a +1 pair of gloves (worn)
   (You found it on level 3 of the Dungeon)
 t - a +0 leather armour
   (You took it off Eustachio on level 6 of the Dungeon)
Jewellery
 n - an uncursed ring of wizardry {unknown}
   (You found it on level 3 of the Dungeon)
Scrolls
 b - a scroll of blinking {unknown}
 d - a scroll of amnesia {unknown}
 f - a scroll of teleportation {@r4}
 i - 7 scrolls of enchant weapon {unknown}
 j - 4 scrolls of identify {unknown}
 l - a scroll of noise {unknown}
 m - a scroll of remove curse {unknown}
 o - 2 scrolls of fog {unknown}
Comestibles
 c - 2 chunks of flesh
 e - 8 rations {!d}


   Skills:
 + Level 4.2 Fighting
 + Level 6.0 Dodging
 - Level 2.1 Stealth
 + Level 4.1 Spellcasting
 + Level 5.7 Summonings


You had 11 spell levels left.
You knew the following spells:

 Your Spells              Type           Power        Failure   Level  Hunger
a - Summon Small Mammal   Summ           ###.         1%          1    None
x - Call Imp              Summ           ###.....     2%          2    ##.....

Your spell library contained the following spells:

 Spells                   Type           Power        Failure   Level  Hunger
 Call Canine Familiar     Summ           ###.....     5%          3    ###....
 Summon Guardian Golem    Hex/Summ       ##......     17%         3    ###....
 Summon Ice Beast         Ice/Summ       ##......     50%         4    ####...
 Summon Lightning Spire   Summ/Air       ##......     50%         4    ####...


Dungeon Overview and Level Annotations

Branches:
Dungeon (6/15)             Temple (0/1) D:4

Altars:
Elyvilon
Makhleb
Okawaru

Shops:
D:5 }

Annotations:
D:5 Dowan, Duvessa, Grinder
D:6 Menkaure


Message History

Your crimson imp dies!
You are too injured to fight recklessly!
Your crimson imp disappears in a puff of smoke!
Menkaure barely misses your crimson imp.
Your crimson imp blinks!
The jackal bites something but does no damage.
A beastly little devil appears in a puff of flame.
Menkaure mumbles, "Let me perform the rites..."
Menkaure hits your crimson imp!
Your crimson imp dies!
Your crimson imp hits the jackal.
The jackal dies!
A shadowy apparition takes form in the air.
Your crimson imp misses the jackal.
Menkaure hits you.
* * * LOW HITPOINT WARNING * * *
Your crimson imp hits the jackal but does no damage.
Menkaure calls on the powers of darkness!
Something is bathed in an unholy light!
Your body is wracked with pain!
* * * LOW HITPOINT WARNING * * *
Your shadow imp hits Menkaure but does no damage.
Something hits your shadow imp!
Your shadow imp dies!
You start resting.
The jackal is too close now for your liking.
You hit the jackal.
Your bat barely misses the jackal.
Your bat hits the jackal. The jackal bites you.
* * * LOW HITPOINT WARNING * * *
Your bat hits the jackal but does no damage.
The jackal bites your bat.
You hit the jackal but do no damage. Your bat misses the jackal.
The jackal barely misses you.
You hit the jackal but do no damage.
Your bat closely misses the jackal.
The jackal bites you but does no damage.
Your bat closely misses the jackal.
The jackal closely misses you.
You hit the jackal.
You kill the jackal!
You start resting.
Your bat barely misses Menkaure.
Menkaure is too close now for your liking.
Attack whom?
Aim: Menkaure You could not reach far enough!
Your bat hits Menkaure but does no damage.
Menkaure hits your bat!
Your bat dies!
Your bat's corpse disappears in a puff of smoke!
You fade into invisibility!
Menkaure casts a spell at you. Pain shoots through your body!
You die...

#......# #h.....#
#......# #......#
#......#
.##########.#######
.......÷..55.......
.##########†########
#h##@#...#
#M##†#.#.#
#..M§§.#.#
############.###.# #
#........# #.§...# #
#.######÷# #.##### #
#.# #.# #.# # #.#
#.# #.# # #5# #.#
#.#


You could see Menkaure.

Vanquished Creatures
  A wyvern skeleton (D:6)
  A hound (D:6)
  A gnoll shaman (D:6)
  An iguana (D:6)
  A worker ant (D:6)
  A worker ant zombie (D:5)
  2 gnolls
  2 giant cockroaches
  A hobgoblin (D:2)
  A jackal (D:6)
  A kobold (D:1)
  4 bats (D:3)
  2 frilled lizards (D:4)
  2 rats (D:3)
21 creatures vanquished.

Vanquished Creatures (collateral kills)
  Eustachio (D:6)
  A hungry ghost (D:3)
  A necrophage (D:6)
  A phantom (D:6)
  3 hounds
  2 jellies
  2 bullfrog skeletons
  An iguana (D:4)
  2 worker ants (D:6)
  A hound skeleton (D:6)
  8 gnolls
  10 adders
  A howler monkey skeleton (D:4)
  A shadow imp (D:6)
  2 oozes (D:2)
  A worm (D:2)
  5 dart slugs
  A leopard gecko (D:2)
  3 orcs (D:4)
  5 giant cockroaches
  8 goblins
  4 hobgoblins
  4 jackals
  7 kobolds
  3 ball pythons
  4 bats
  2 frilled lizards
  A quokka zombie (D:6)
  5 rats
90 creatures vanquished.

Grand Total: 111 creatures vanquished

Notes
Turn   | Place    | Note
-------+----------+-------------------------------------------
     0 | D:1      | MalarOregon the Merfolk Summoner began the quest for the
                  | Orb.
     0 | D:1      | Reached XP level 1. HP: 13/13 MP: 3/3
   245 | D:1      | Reached skill level 3 in Dodging
   245 | D:1      | Reached XP level 2. HP: 12/20 MP: 1/5
   382 | D:1      | Learned a level 2 spell: Call Imp
   977 | D:1      | Reached skill level 1 in Fighting
  1524 | D:2      | Reached XP level 3. HP: 26/26 MP: 1/6
  1582 | D:2      | Found a white marble altar of Elyvilon.
  2379 | D:2      | Reached XP level 4. HP: 32/33 MP: 0/7
  3004 | D:3      | Noticed a hungry ghost
  3561 | D:3      | Killed a hungry ghost
  3561 | D:3      | Reached skill level 4 in Dodging
  3561 | D:3      | Reached XP level 5. HP: 39/39 MP: 0/9
  3777 | D:4      | Found an iron altar of Okawaru.
  3906 | D:4      | Got a faintly glowing falchion
  4052 | D:4      | Found a staircase to the Ecumenical Temple.
  4070 | D:4      | Reached XP level 6. HP: 16/46 MP: 5/10
  4298 | D:4      | You fall through a shaft for 2 floors!
  4305 | D:6      | Reached skill level 5 in Summonings
  4573 | D:6      | Found a burning altar of Makhleb.
  4574 | D:6      | Noticed a necrophage
  4593 | D:6      | Killed a necrophage
  4593 | D:6      | Reached skill level 5 in Dodging
  5079 | D:6      | Reached XP level 7. HP: 52/52 MP: 4/12
  5098 | D:6      | Noticed Eustachio
  5127 | D:6      | Killed Eustachio
  5345 | D:5      | Entered Level 5 of the Dungeon
  5448 | D:5      | Found Isetiuc's Gadget Shop.
  5510 | D:5      | Noticed Duvessa
  5511 | D:5      | Noticed Dowan
  5520 | D:5      | Noticed Grinder
  5990 | D:6      | Reached skill level 6 in Dodging
  6016 | D:6      | Noticed Menkaure
  6063 | D:6      | Killed from afar by Menkaure

Skill      XL: |  1  2  3  4  5  6  7 |
---------------+----------------------+-----
Dodging        | 3 4 5 6 |  6.0
Fighting       | 1 2 3 4 |  4.2
Spellcasting   | 3 4 |  4.1
Summonings     | 5 |  5.7
Stealth        | |  2.1

Action                   |  1- 3 |  4- 6 |  7- 9 || total
-------------------------+-------+-------+-------++-------
Melee: Unarmed           |    28 |       |       ||    28
       Spear             |    15 |    88 |    88 ||   191
 Cast: Summon Small Mamm |    13 |     1 |     1 ||    15
       Call Imp          |    48 |    65 |    40 ||   153
  Use: Potion            |       |       |     7 ||     7
       Scroll            |       |       |     1 ||     1
 Stab: Sleeping          |       |     2 |       ||     2
       Distracted        |       |     2 |       ||     2
       Invisible         |       |       |     1 ||     1
  Eat: Chunk             |     8 |    11 |       ||    19
       Ration            |       |       |     2 ||     2
Armor: Robe              |    12 |    15 |     4 ||    31
Dodge: Dodged            |    23 |    64 |    58 ||   145
